AoeStats
← Ultimate_Boredom

Lombardia

508390433Analyzed
4v4 RM · 11d ago on Sep 22, 2026· 54m 19s· 8 players
Game mode
Random Map
Map size
Large (8 player)
Population
200
Speed
Normal
Resources
Standard
Victory
Conquest
Starting age
Dark Age
Ending age
Imperial Age
RankedLock teamsTeams togetherTeam positionsShared explorationLock speedFull tech treeHidden civsTurbo modeCheats
Victory
Defeat
🇹🇼 Hindustanis · Taiwan
1284
+15
🇲🇾 Celts · Malaysia
1284
+15
🇨🇳 Spanish · China
1229
+18
🇵🇱 Mongols · Poland
1208
+18
🇭🇺 Poles · Hungary
1313
-18
🇭🇺 Lithuanians · Hungary
1291
-17
🇬🇧 Saracens · United Kingdom
1267
-17
🇸🇪 Britons · Sweden
1198
-14
長安
11:39 Feudal Age
15:42 Castle Age
14:14 Horse Collar
14:21 Double-Bit Axe
15:15 Gold Mining
18:40 Loom
19:29 Bow Saw
22:20 Town Watch
26:39 Wheelbarrow
26:28 Stone Mining
30:56 Imperial Age
29:20 Caravan
29:59 Hand Cart
31:04 Gold Shaft Mining
31:10 Stone Shaft Mining
31:26 Coinage
33:01 Chemistry
32:22 Ballistics
31:49 Heavy Scorpion
32:44 Capped Ram
34:08 Furor Celtica
34:20 Conscription
33:57 Siege Ram
36:18 Banking
36:02 Siege Engineers
39:32 Forging
39:13 Fletching
41:48 Iron Casting
41:09 Bodkin Arrow
40:36 Pikeman
41:02 Arson
42:28 Hoardings
42:09 Scale Mail Armor
42:10 Padded Archer Armor
41:34 Halberdier
42:00 Gambesons
44:25 Blast Furnace
43:42 Chain Mail Armor
44:18 Leather Archer Armor
45:41 Plate Mail Armor
44:35 Elite Skirmisher
46:03 Ring Archer Armor
45:41 Scale Barding Armor
48:47 Elite Woad Raider
49:19 Stronghold
49:51 Chain Barding Armor
49:49 Onager
54:00 Guilds
Salkeliet
8:43 Loom
11:22 Feudal Age
15:06 Castle Age
14:28 Double-Bit Axe
14:51 Horse Collar
16:08 Bow Saw
24:20 Husbandry
26:14 Wheelbarrow
27:14 Stone Mining
27:15 Gold Mining
27:34 Heavy Plow
29:35 Stone Shaft Mining
31:43 Imperial Age
30:12 Hand Cart
30:03 Padded Archer Armor
30:39 Bloodlines
31:54 Leather Archer Armor
31:50 Capped Ram
32:03 Elite Conquistador
33:29 Conscription
34:19 Ring Archer Armor
33:55 Scale Barding Armor
34:00 Forging
34:55 Siege Ram
38:27 Chain Barding Armor
38:42 Iron Casting
45:11 Plate Barding Armor
45:36 Blast Furnace
44:27 Fletching
43:59 Light Cavalry
45:42 Fortified Wall
45:42 Masonry
45:48 Caravan
47:23 Two-Man Saw
50:07 Architecture
50:39 Chemistry
51:18 Town Watch
a506b8123il
7:11 Loom
12:12 Feudal Age
12:58 Gold Mining
17:38 Castle Age
16:37 Double-Bit Axe
16:35 Horse Collar
25:53 Wheelbarrow
25:04 Town Watch
27:22 Heavy Plow
28:16 Hand Cart
31:15 Imperial Age
29:53 Gold Shaft Mining
29:40 Scale Barding Armor
29:39 Grand Trunk Road
30:51 Chain Barding Armor
31:32 Husbandry
31:42 Bloodlines
31:39 Stone Mining
31:29 Heavy Camel Rider
32:33 Conscription
32:50 Plate Barding Armor
32:26 Forging
34:42 Chemistry
33:57 Caravan
34:23 Bow Saw
34:41 Imperial Camel Rider
36:01 Fortified Wall
37:17 Two-Man Saw
37:44 Iron Casting
37:17 Town Patrol
37:34 Siege Elephant
38:39 Siege Engineers
42:44 Blast Furnace
41:35 Fletching
41:46 Padded Archer Armor
42:09 Ballistics
44:32 Light Cavalry
47:47 Bodkin Arrow
49:32 Coinage
51:33 Banking
Sir Cumcised
0:32 Loom
9:59 Feudal Age
11:00 Double-Bit Axe
16:39 Castle Age
14:27 Horse Collar
17:09 Wheelbarrow
18:51 Bow Saw
19:09 Heavy Plow
23:06 Hand Cart
23:39 Town Watch
24:29 Gold Mining
24:40 Stone Mining
29:27 Imperial Age
30:13 Gold Shaft Mining
30:17 Stone Shaft Mining
29:57 Elite Mangudai
30:51 Forging
30:31 Fletching
31:04 Ballistics
30:53 Thumb Ring
31:17 Parthian Tactics
31:06 Bloodlines
30:57 Husbandry
32:35 Chemistry
32:08 Bodkin Arrow
32:13 Padded Archer Armor
33:33 Bracer
33:49 Leather Archer Armor
34:34 Hoardings
33:36 Elite Skirmisher
40:09 Siege Engineers
40:58 Iron Casting
40:24 Scale Mail Armor
40:33 Scale Barding Armor
39:53 Light Cavalry
41:29 Caravan
42:59 Fortified Wall
42:45 Murder Holes
44:04 Blast Furnace
43:24 Chain Barding Armor
49:19 Hussar
Ultimate_Boredom
5:22 Loom
12:09 Feudal Age
13:56 Horse Collar
14:04 Double-Bit Axe
21:35 Castle Age
23:00 Bow Saw
22:57 Heavy Plow
23:18 Stone Mining
24:27 Wheelbarrow
23:57 Gold Mining
25:55 Fortified Wall
26:43 Gold Shaft Mining
27:35 Hand Cart
27:41 Bloodlines
27:31 Husbandry
32:52 Imperial Age
31:07 Scale Barding Armor
31:13 Forging
31:47 Town Watch
32:29 Chain Barding Armor
33:29 Iron Casting
33:04 Caravan
34:35 Town Patrol
33:59 Elite Mameluke
35:01 Conscription
34:32 Treadmill Crane
35:31 Plate Barding Armor
35:57 Blast Furnace
39:58 Hoardings
44:16 Bimaristan
51:23 Light Cavalry
52:18 Hussar
Chungus
7:32 Loom
9:56 Feudal Age
10:27 Double-Bit Axe
13:17 Forging
13:44 Horse Collar
21:11 Castle Age
20:04 Bloodlines
20:25 Scale Barding Armor
20:34 Gold Mining
21:30 Light Cavalry
22:33 Bow Saw
22:24 Heavy Plow
24:12 Wheelbarrow
24:54 Fervor
25:32 Husbandry
26:18 Hand Cart
27:43 Town Watch
30:16 Stone Mining
35:08 Imperial Age
33:38 Coinage
33:09 Caravan
33:58 Chain Barding Armor
34:14 Iron Casting
34:59 Iron Casting
35:17 Cavalier
36:34 Plate Barding Armor
37:38 Crop Rotation
40:46 Paladin
42:58 Banking
43:31 Conscription
44:01 Fortified Wall
46:22 Ballistics
47:02 Chemistry
51:09 Hoardings
52:13 Two-Man Saw
53:05 Murder Holes
Wololooo
3:04 Loom
10:26 Feudal Age
11:22 Double-Bit Axe
13:57 Horse Collar
14:56 Wheelbarrow
22:20 Castle Age
23:20 Bow Saw
26:03 Fortified Wall
26:22 Gold Mining
28:32 Hand Cart
28:14 Stone Mining
31:15 Imperial Age
33:01 Scale Barding Armor
33:07 Forging
33:45 Bloodlines
33:36 Husbandry
32:58 Cavalier
33:37 Light Cavalry
34:42 Chain Barding Armor
34:53 Winged Hussar
36:47 Iron Casting
42:40 Blast Furnace
43:19 Scale Mail Armor
45:47 Pikeman
46:27 Squires
48:42 Lechitic Legacy
48:42 Conscription
53:02 Szlachta Privileges
53:58 Heavy Plow
Generation Kill
10:33 Feudal Age
14:12 Castle Age
12:14 Horse Collar
13:54 Double-Bit Axe
16:39 Loom
20:31 Bow Saw
20:36 Stone Mining
21:46 Gold Mining
22:56 Wheelbarrow
23:56 Heavy Plow
25:24 Gold Shaft Mining
26:29 Hand Cart
26:36 Town Watch
31:09 Imperial Age
29:15 Fletching
30:03 Fortified Wall
30:13 Ballistics
30:04 Masonry
31:22 Yeomen
31:00 Bodkin Arrow
31:49 Squires
31:10 Pikeman
32:19 Conscription
31:32 Elite Longbowman
34:15 Chemistry
33:47 Architecture
34:22 Bracer
35:19 Hoardings
35:20 Padded Archer Armor
36:26 Leather Archer Armor
37:45 Halberdier
41:01 Ring Archer Armor
43:14 Two-Man Saw
43:31 Warwolf
45:00 Treadmill Crane
45:26 Siege Engineers
44:58 Onager
47:12 Murder Holes
Connection lost

Rejoining the realm…

Still unreachable

The connection could not be restored.

Session expired

The server has moved on; the page needs a fresh start.